Map: Dusk Towers

Players

Lilbow - Winner!

  • Race: Protoss Protoss
  • League: Grandmaster

oliM

  • Race: Protoss Protoss
  • League: Grandmaster

VOD

Have the link to the VOD?

Description

Time

  • Played on: March 12, 2016, 1:28 p.m.
  • Length: 8:21
Show
View Real Time Build Order
Export as new Build Order

Lilbow Protoss - Winner!

Build Orders: 1 Gate Expand, Oracle Opening, Phoenix Opening 

Get SALT Encoding   

  12  0:00  Probe (Chrono Boost)  
  13  0:11  Probe (Chrono Boost)  
  14  0:17  Pylon  
  14  0:22  Probe (Chrono Boost)  
  16  0:35  Gateway, Probe (Chrono Boost)  
  16  0:41  Assimilator  
  16  0:46  Probe (Chrono Boost)  
  17  0:56  Probe (Chrono Boost)  
  18  1:07  Probe (Chrono Boost)  
  19  1:17  Nexus  
  19  1:27  Cybernetics Core  
  19  1:31  Probe (Chrono Boost)  
  20  1:36  Assimilator  
  20  1:41  Probe (Chrono Boost)  
  20  1:46  Pylon  
  21  1:52  Probe (Chrono Boost)  
  22  2:02  Probe (Chrono Boost)  
  22  2:04  Adept (Chrono Boost)  
  25  2:10  Warp Gate  
  25  2:13  Probe  
  26  2:25  Stargate, Probe (Chrono Boost)  
  28  2:30  Probe (Chrono Boost)  
  28  2:36  Probe (Chrono Boost)  
  29  2:40  Probe (Chrono Boost)  
  30  2:46  Probe (Chrono Boost)  
  30  2:51  Probe (Chrono Boost)  
  32  2:57  Mothership Core (Chrono Boost)  
  34  2:59  Pylon  
  34  3:01  Probe (Chrono Boost)  
  35  3:10  Oracle  
  35  3:12  Probe (Chrono Boost)  
  39  3:15  Probe (Chrono Boost)  
  40  3:22  Probe (Chrono Boost)  
  40  3:26  Probe (Chrono Boost)  
  42  3:30  Twilight Council  
  42  3:32  Assimilator  
  42  3:33  Probe (Chrono Boost)  
  42  3:34  Assimilator  
  43  3:37  Probe (Chrono Boost)  
  43  3:38  Gateway  
  43  3:40  Gateway  
  44  3:43  Probe (Chrono Boost)  
  44  3:47  Probe (Chrono Boost)  
  46  3:48  Phoenix  
  46  3:54  Probe (Chrono Boost)  
  49  3:58  Probe (Chrono Boost), Pylon  
  50  4:04  Probe (Chrono Boost)  
  50  4:07  Blink (Chrono Boost)  
  50  4:08  Probe (Chrono Boost)  
  52  4:15  Probe (Chrono Boost)  
  52  4:16  Stalker  
  55  4:19  Probe (Chrono Boost)  
  53  4:25  Probe (Chrono Boost)  
  53  4:29  Probe (Chrono Boost)  
  55  4:34  Probe  
  55  4:37  Stalker  
  55  4:38  Stalker  
  60  4:41  Probe, Nexus  
  60  4:44  Pylon  
  61  4:51  Probe  
  60  4:57  Probe  
  62  5:02  Pylon  
  62  5:04  Stalker x3  
  68  5:09  Gateway  
  68  5:12  Gateway  
  68  5:28  Stalker x2  
  72  5:29  Robotics Facility, Stalker  
  74  5:37  Probe  
  74  5:38  Probe  
  74  5:41  Pylon  
  74  5:51  Pylon  
  74  5:52  Stalker x2  
  74  5:53  Stalker  
  81  6:07  Stalker x2  
  84  6:12  Gateway  
  84  6:23  Stalker x3  
  84  6:24  Probe x2  
  84  6:25  Probe  
  93  6:30  Stalker x2  
  97  6:33  Pylon  
  97  6:34  Observer (Chrono Boost)  
  97  6:38  Probe  
  98  6:40  Probe  
  99  6:53  Stalker x3  
  99  6:54  Stalker x2  
  107  7:17  Stalker x5  
  107  7:20  Pylon  
  107  7:21  Pylon  
  117  7:32  Probe  
  117  7:34  Probe  
  111  7:48  Stalker x5, Probe  
  111  7:49  Stalker  
  111  7:50  Probe  
  125  7:54  Assimilator  
  121  7:58  Pylon  
  109  8:21  Stalker  
Show
View Real Time Build Order
Export as new Build Order

oliM Protoss 

Build Orders: 1 Gate Expand, Phoenix Opening, Zealot Archon 

Get SALT Encoding   

  12  0:00  Probe (Chrono Boost)  
  13  0:11  Probe (Chrono Boost)  
  14  0:19  Pylon  
  14  0:21  Probe (Chrono Boost)  
  15  0:37  Probe (Chrono Boost)  
  15  0:38  Gateway  
  16  0:48  Probe (Chrono Boost)  
  17  0:51  Assimilator  
  17  0:58  Probe (Chrono Boost)  
  18  1:09  Probe (Chrono Boost)  
  19  1:19  Nexus  
  19  1:31  Cybernetics Core  
  20  1:33  Probe (Chrono Boost)  
  20  1:39  Assimilator  
  20  1:43  Probe (Chrono Boost)  
  21  1:49  Pylon  
  21  1:54  Probe (Chrono Boost)  
  22  2:04  Probe (Chrono Boost)  
  23  2:15  Stargate  
  23  2:17  Adept (Chrono Boost)  
  23  2:19  Probe  
  26  2:27  Warp Gate  
  26  2:30  Probe  
  26  2:31  Probe  
  28  2:41  Probe  
  28  2:43  Probe  
  30  2:51  Probe  
  30  2:55  Mothership Core  
  33  3:02  Probe  
  33  3:04  Phoenix (Chrono Boost)  
  36  3:12  Probe  
  36  3:15  Pylon  
  36  3:16  Probe  
  38  3:23  Probe  
  38  3:27  Phoenix (Chrono Boost)  
  39  3:29  Probe  
  39  3:33  Stalker, Probe  
  42  3:40  Pylon  
  42  3:41  Probe  
  44  3:44  Probe  
  45  3:50  Phoenix (Chrono Boost)  
  45  3:53  Probe  
  45  3:54  Probe  
  49  4:10  Probe x2, Robotics Facility  
  47  4:18  Nexus  
  47  4:20  Probe  
  48  4:30  Phoenix (Chrono Boost)  
  50  4:32  Gateway  
  50  4:34  Gateway, Pylon  
  50  4:36  Probe  
  50  4:37  Probe  
  51  4:42  Assimilator  
  52  4:46  Assimilator  
  52  4:47  Probe  
  52  4:48  Probe  
  54  4:58  Probe  
  59  5:00  Immortal (Chrono Boost), Probe  
  59  5:03  Pylon  
  60  5:08  Probe  
  60  5:11  Pylon  
  60  5:13  Probe  
  62  5:19  Probe  
  63  5:22  Twilight Council  
  63  5:25  Probe  
  64  5:30  Gateway, Probe  
  64  5:32  Gateway  
  64  5:33  Probe  
  64  5:34  Observer (Chrono Boost)  
  67  5:39  Probe  
  67  5:41  Probe  
  68  5:46  Pylon  
  68  5:47  Sentry x2  
  73  5:52  Forge  
  73  5:55  Probe x2  
  74  5:57  Probe  
  74  6:00  Charge (Chrono Boost)  
  76  6:07  Immortal (Chrono Boost), Probe  
  76  6:09  Probe  
  82  6:13  Probe  
  82  6:17  Protoss Ground Weapons Level 1 (Chrono Boost)  
  83  6:24  Templar Archives  
  81  6:27  Gateway  
  81  6:33  Assimilator  
  81  6:34  Zealot x4  
  81  6:38  Assimilator  
  89  6:40  Immortal (Chrono Boost)  
  89  6:41  Probe  
  94  6:49  Zealot  
  96  6:56  Photon Cannon  
  96  6:57  Photon Cannon  
  96  7:02  Pylon  
  96  7:03  Zealot  
  96  7:06  Zealot  
  96  7:07  Zealot  
  100  7:14  Pylon  
  92  7:18  Immortal  
  92  7:21  Zealot, Mothership Core (Chrono Boost)  
  100  7:23  Pylon  
  100  7:27  Zealot x2  
  100  7:35  Gateway, High Templar  
  100  7:36  High Templar, Pylon  
  98  7:40  Archon  
  98  7:41  Zealot  
  90  7:50  High Templar x2  
  88  7:51  Zealot  
  88  7:54  Archon  
  88  7:58  Probe (Chrono Boost)  
  95  8:03  Zealot  
  90  8:08  Zealot x2  
  79  8:14  Zealot  
Tags
 
Add a new tag
Caveats
  • Supply blocks, unpowered buildings, or Contaminate may cause inaccurate times.
  • Supply counts are checked every 10 seconds.